 Dungeon Crawl Stone Soup version 0.16.1-14-g82efdee (webtiles) character file.

301 KarvaRausku the Slasher (level 6, -2/51 HPs)
             Began as a Draconian Wanderer on Apr 12, 2015.
             Slain by Duvessa
             ... wielding a +0 short sword
              (11 damage)
             ... on level 4 of the Dungeon.
             The game lasted 00:09:16 (3973 turns).

KarvaRausku the Slasher (Draconian Wanderer)        Turns: 3973, Time: 00:09:16

Health: -2/51      AC:  7    Str: 15    XL:     6   Next: 14%
Magic:  6/6        EV: 13    Int: 10    God:
Gold:   171        SH:  0    Dex: 14    Spells: 0 memorised, 5 levels left

rFire  . . .     SeeInvis .     c - +0 falchion
rCold  . . .     Clarity  .     (armour unavailable)
rNeg   . . .     SustAb   .     (no shield)
rPois  .         Gourm    .     (helmet restricted)
rElec  .         Spirit   .     (no cloak)
rCorr  .         Warding  .     (no gloves)
rMut   .         Stasis   .     i - +0 pair of boots
MR     .....                    (no amulet)
Stlth  +.........               (no ring)
                                (no ring)

@: glowing, not resistant to hostile enchantments, very unstealthy
A: unfitting armour, cold-blooded, AC +6
a: no special abilities


You were on level 4 of the Dungeon.
You were hungry.

You visited 1 branch of the dungeon, and saw 4 of its levels.

You collected 171 gold pieces.

Inventory:

Hand weapons
 c - a +0 falchion (weapon)
Missiles
 b - 3 throwing nets
 n - 10 javelins (quivered)
Armour
 i - a +0 pair of boots (worn)
Scrolls
 a - 2 scrolls of identify {unknown}
 g - 3 scrolls of teleportation {unknown}
 k - 2 scrolls of random uselessness {unknown}
 l - a scroll of noise {unknown}
 m - a scroll of fog {unknown}
 p - a scroll of magic mapping {unknown}
 r - a scroll of amnesia {unknown}
Potions
 d - 2 potions of curing
 e - a potion of flight {unknown}
 o - a potion of restore abilities {unknown}
 q - a potion of ambrosia {unknown}
 s - a potion of agility {unknown}
 u - 2 potions of brilliance {unknown}
Comestibles
 f - 5 bread rations
 h - 4 meat rations
 j - a slice of pizza


   Skills:
 - Level 3.2 Fighting
 * Level 6.2 Long Blades
   Level 1.0 Maces & Flails
 - Level 1.0 Throwing
 + Level 2.7 Dodging
 - Level 1.0 Stealth


You had 5 spell levels left.
You didn't know any spells.

Dungeon Overview and Level Annotations

Branches:
Dungeon (4/15)
 Temple: D:4-7

Altars:
Gozag
Qazlal
Zin

Annotations:
D:3 KarvaRausku's ghost, weakling DrWn
D:4 Dowan; Duvessa; KarvaRausku's ghost, average DrFi


Innate Abilities, Weirdness & Mutations

Your plain brown scales are hard (AC +6).
Your body does not fit into most forms of armour.
Your cold-blooded metabolism reacts poorly to cold.


Message History

Dowan gestures at you while chanting.
You are outlined in light.
You slash Duvessa!
Duvessa is severely wounded.
Dowan says, "Magic and the sword, together, will defeat you."
Dowan hits you but does no damage. Duvessa hits you with a short sword!
You closely miss Duvessa.
Duvessa is severely wounded.
Dowan points at you and mumbles some strange words.
The puff of frost hits you! Duvessa barely misses you.
You hit Duvessa but do no damage.
Duvessa is severely wounded.
Dowan hits you with a dagger.
* * * LOW HITPOINT WARNING * * *
Duvessa hits you with a short sword.
* * * LOW HITPOINT WARNING * * *
You hit Duvessa.
Duvessa is severely wounded.
Dowan closely misses you. Duvessa hits you with a short sword!
You die...

... ... .
#. ##'###..
..#......
.#.....
'.... ...
#+####
#@...#
#....ee...#
#....######
#####


You could see Duvessa and Dowan.

Vanquished Creatures
  An ogre (D:4)
  A hound (D:4)
  3 worker ants
  6 adders
  3 worms
  An ooze (D:4)
  An orc (D:4)
  7 goblins
  9 hobgoblins
  8 jackals
  A ball python (D:1)
  5 bats
  7 giant cockroaches
  A giant gecko (D:2)
  4 giant newts
  7 kobolds
  4 rats
69 creatures vanquished.

Vanquished Creatures (others)
  A hobgoblin (D:3)
1 creature vanquished.

Grand Total: 70 creatures vanquished

Notes
Turn   | Place    | Note
--------------------------------------------------------------
     0 | D:1      | KarvaRausku, the Draconian Wanderer, began the quest for the Orb.
     0 | D:1      | KarvaRausku set off with: 3 throwing nets, a +0 falchion, a potion of curing, a bread ration
     0 | D:1      | Reached XP level 1. HP: 19/19 MP: 1/1
   279 | D:1      | Reached XP level 2. HP: 20/26 MP: 2/2
   889 | D:1      | Reached skill level 4 in Long Blades
  1034 | D:2      | Reached XP level 3. HP: 17/31 MP: 3/3
  1342 | D:2      | Found an opulent altar of Gozag.
  1342 | D:2      | Found a glowing silver altar of Zin.
  2113 | D:3      | Found a stormy altar of Qazlal.
  2114 | D:3      | Reached XP level 4. HP: 36/38 MP: 4/4
  2172 | D:3      | Noticed KarvaRausku's ghost (weakling DrWn)
  2190 | D:3      | Reached skill level 5 in Long Blades
  3102 | D:4      | Noticed an ogre
  3186 | D:4      | Noticed an ogre
  3204 | D:4      | Killed an ogre
  3204 | D:4      | Reached XP level 5. HP: 33/45 MP: 5/5
  3513 | D:4      | Reached skill level 6 in Long Blades
  3694 | D:4      | Noticed KarvaRausku's ghost (average DrFi)
  3694 | D:4      | Reached XP level 6. HP: 39/51 MP: 6/6
  3825 | D:4      | Noticed Duvessa
  3825 | D:4      | Noticed Dowan
  3973 | D:4      | Slain by Duvessa

Action                   |  1- 3 |  4- 6 || total
-------------------------+-------+-------++-------
Melee: Falchion          |   144 |   157 ||   301
Throw: Throwing net      |       |     1 ||     1
 Stab: Sleeping          |     1 |     2 ||     3
  Eat: Chunk             |     3 |     6 ||     9
